 Dungeon Crawl Stone Soup version 0.30-a0-331-g8ab09dc110 (webtiles) character file.

Game seed: 6068012644814747217

9 purpskrrrp the Trooper (level 2, 24/24 HPs)
             Began as a Demonspawn Fighter on Oct 29, 2022.
             Got out of the dungeon alive.
             The game lasted 00:00:44 (776 turns).

purpskrrrp the Trooper (Demonspawn Fighter)          Turns: 776, Time: 00:00:45

Health: 24/24      AC:  6    Str: 16    XL:     2   Next: 6%
Magic:  2/2        EV:  8    Int:  9    God:
Gold:   81         SH:  4    Dex: 12    Spells: 1/1 levels left

rFire   . . .      SeeInvis .    a - +0 flail
rCold   . . .      Faith    .    c - +0 buckler
rNeg    . . .      Spirit   .    b - +0 scale mail
rPois   .          Reflect  .    (no helmet)
rElec   .          Harm     .    (no cloak)
rCorr   .          Rampage  .    (no gloves)
Will    .....                    (no boots)
Stlth   ..........               (no amulet)
HPRegen 0.24/turn                (no ring)
MPRegen 0.08/turn                (no ring)

@: no status effects
A: demonic magic 1
a: no special abilities


You escaped.
You visited 1 branch of the dungeon, and saw 1 of its levels.

You collected 81 gold pieces.

Inventory:

Hand Weapons
 a - a +0 flail (weapon)
Armour
 b - a +0 scale mail (worn)
 c - a +0 buckler (worn)
 h - a +0 kite shield
Scrolls
 f - 3 scrolls of teleportation {unknown}
 i - 2 scrolls of immolation {unknown}
 j - a scroll of poison {unknown}
Potions
 d - a potion of might
 e - a potion of brilliance {unknown}
 g - 2 potions of curing {unknown}


   Skills:
 + Level 3.1 Fighting
 * Level 2.1 Maces & Flails
 + Level 2.8 Armour
 - Level 2.6 Shields


You had one spell level left.
You didn't know any spells.
Your spell library was empty.

Dungeon Overview and Level Annotations

Branches:
Dungeon (1/15)

Altars:


Innate Abilities, Weirdness & Mutations

Spells you cast may paralyse adjacent enemies.


Message History

You now have 78 gold pieces (gained 9).
A jackal comes into view.
The jackal barks!
A jackal is nearby!
A jackal is nearby!
A jackal is nearby!
A jackal comes into view.
The jackal barks!
You closely miss the jackal. The jackal barely misses you.
You block the jackal's attack.
You barely miss the jackal. You block the jackal's attack.
The jackal bites you but does no damage.
You hit the jackal.
The jackal is severely wounded.
The jackal closely misses you. The jackal bites you.
You barely miss the jackal.
The jackal is severely wounded.
You block the jackal's attack. The jackal closely misses you.
You sock the jackal!
You kill the jackal!
The jackal bites you but does no damage.
You have reached level 2!
Your demonic ancestry asserts itself...
A menacing aura infuses your magic.
You sock the jackal!
You kill the jackal!
No target in view!
You see here a jackal corpse.
Found a ring mail.
You now have 81 gold pieces (gained 3).
Done exploring.
Done exploring.
Done exploring.
Done exploring.
No target in view!
Sorry, you're not good enough to have a special ability.
Unknown command.
There is a staircase leading out of the dungeon here.
Are you sure you want to leave the Dungeon?
This will make you lose the game!
You have escaped!

#.###......#......#
#.# #.#
#..##..######## #.#
#.# #..##..#
######.# #.#
#......## #......#
#.###.......###
#.######
#..##.........###
#.#
##.....###......#
#.# ##....##
###....###.#
##..####
##...@#...#
...###.#
##....######
##..#..####.....#
##...###.....###
##.## #...### #.#
#...# #># #...##
####.# ##....##
#....# #..##..#


There were no monsters in sight!

Vanquished Creatures
  An endoplasm (D:1)
  2 jackals (D:1)
  2 ball pythons (D:1)
  2 frilled lizards (D:1)
  A goblin (D:1)
  2 kobolds (D:1)
10 creatures vanquished.

Notes
Turn   | Place    | Note
-------+----------+-------------------------------------------
     0 | D:1      | purpskrrrp the Demonspawn Fighter began the quest for the
                  | Orb.
     0 | D:1      | Reached XP level 1. HP: 18/18 MP: 1/1
   237 | D:1      | Found a faded altar of an unknown god.
   654 | D:1      | Gained mutation: Spells you cast may paralyse adjacent
                  | enemies. [demonic ancestry]
   654 | D:1      | Reached XP level 2. HP: 23/24 MP: 2/2
   776 | D:$      | Got out of the dungeon alive.

Illustrated notes

Levels and vault maps discovered:
D:1:      amcnicky_arrival_wind_blow, layout_loops_cross,
          hellmonk_ecumenical_altar_pennies_from_heaven

Skill      XL: |  1 |
---------------+----+-----
Maces & Flails | 2 |  2.1
Fighting       | |  3.1
Armour         | |  2.8
Shields        | |  2.6

Action                   || total
-------------------------++-------
Melee: Flail             ||    24
Armor: Scale mail        ||     8
Dodge: Dodged            ||     8
Block: Buckler           ||     6

Table legend: (Time is in decaauts)
 A = Elapsed time spent in this place.
 B = Non-inter-level travel time spent in this place.
 C = Inter-level travel time spent in this place.
 D = Time resting spent in this place.
 E = Time spent auto-exploring this place.
 F = Levels seen in this place.
 G = Mean time per level.
                   A        B        C        D        E       F      G
               +--------+--------+--------+--------+--------+-----+--------+
         Total |    787 |    737 |     50 |      0 |    659 |   1 |  787.0 |
       Dungeon |    787 |    737 |     50 |      0 |    659 |   1 |  787.0 |
               +--------+--------+--------+--------+--------+-----+--------+

Top non-repeatable levels by time:
     D:1: 787 daAuts
